 Dungeon Crawl Stone Soup version 0.25.1-2-g60ff931df9 (webtiles) character file.

Game seed: 12177967132174974553

1271 DearestLeader the Destroyer (level 8, 0/57 HPs)
             Began as a Red Draconian Conjurer on Oct 28, 2020.
             Slain by Maggie
             ... wielding the +9 lance "Wyrmbane" {slay drac, rPois rF+ rC+ AC+3}
              (7 damage)
             ... on level 6 of the Dungeon.
             The game lasted 00:13:12 (6411 turns).

DearestLeader the Destroyer (DrCj)                  Turns: 6411, Time: 00:13:12

Health: 0/57       AC:  9    Str: 10    XL:     8   Next: 28%
Magic:  6/11       EV: 12    Int: 18    God:
Gold:   324        SH:  0    Dex: 12    Spells: 1/11 levels left

rFire    + . .     SeeInvis .   n - +0 short sword (speed)
rCold    . . .     Gourm    .   (no shield)
rNeg     . . .     Faith    .   (armour unavailable)
rPois    +         Spirit   .   (helmet restricted)
rElec    .         Reflect  .   g - +1 cloak
rCorr    .         Harm     .   x - +0 pair of gloves
MR       +....                  (no boots)
Stlth    ++........             (no amulet)
HPRegen  0.19/turn              l - ring of protection from magic
MPRegen  0.12/turn              (no ring)

@: short of breath, mesmerised
A: breathe fire, unfitting armour, blink, fire resistance 1, poison resistance,
cold-blooded, AC +6
a: Breathe Fire, Blink


You were on level 6 of the Dungeon.
You were not hungry.

You visited 2 branches of the dungeon, and saw 7 of its levels.

You collected 324 gold pieces.

Inventory:

Hand Weapons
 a - a +0 dagger
 n - a +0 short sword of speed (weapon)
Missiles
 k - 20 poisoned darts (quivered)
Armour
 g - a +1 cloak (worn)
 r - a +2 buckler
 w - a +2 buckler
 x - a +0 pair of gloves (worn)
Jewellery
 l - a ring of protection from magic (left hand)
Wands
 u - a wand of random effects (30)
Scrolls
 c - a scroll of noise {unknown}
 e - 2 scrolls of fear
 h - 2 scrolls of enchant armour
 j - 3 scrolls of remove curse
 p - 5 scrolls of identify {unknown}
 q - 3 scrolls of teleportation {unknown}
 s - 3 scrolls of enchant weapon {unknown}
 t - a scroll of amnesia {unknown}
 v - 2 scrolls of magic mapping {unknown}
Potions
 d - 2 potions of berserk rage {unknown}
 f - 2 potions of curing {unknown}
 i - 3 potions of mutation
 m - 2 potions of stabbing {unknown}
 o - a potion of cancellation {unknown}
 A - a potion of degeneration {unknown}
 B - a potion of haste {unknown}
 C - a potion of heal wounds {unknown}
Comestibles
 b - 12 rations
 z - 3 chunks of flesh


   Skills:
 - Level 2.0 Dodging
 - Level 1.7 Stealth
 - Level 2.0 Spellcasting
 * Level 10.4 Conjurations
 - Level 2.0 Hexes


You had one spell level left.
You knew the following spells:

 Your Spells              Type           Power        Failure   Level  Hunger
a - Magic Dart            Conj           ####         1%          1    #......
b - Searing Ray           Conj           #####.       1%          2    ###....
c - Fulminant Prism       Conj/Hex       ###.......   14%         4    #####..
d - Dazzling Flash        Conj/Hex       ###...       4%          3    ###....

Your spell library contained the following spells:

 Spells                   Type           Power        Failure   Level  Hunger
 Iskenderun's Mystic Bla  Conj/Tloc      ###.....     22%         4    #####..


Dungeon Overview and Level Annotations

Branches:
Dungeon (6/15)             Temple (1/1) D:4

Altars:
Cheibriados
Dithmenos
Fedhas
Gozag
Kikubaaqudgha
Makhleb
Okawaru
Qazlal
Ru
Sif Muna
Trog
Uskayaw
Wu Jian
Xom
Yredelemnul
Zin
The Shining One

Annotations:
D:3 2 runed translucent doors, Delamore's ghost, amateur GrFi
D:6 Maggie


Innate Abilities, Weirdness & Mutations

You can breathe blasts of fire.
Your fiery red scales are hard. (AC +6)
You cannot fit into any form of body armour.
Your flesh is heat resistant. (rF+)
You are cold-blooded and may be slowed by cold attacks.
You can translocate small distances at will.
Your system is resistant to poisons. (rPois)


Message History

The searing ray misses Maggie.
Maggie hits you from afar with the +9 lance "Wyrmbane" {slay drac, rPois rF+ rC+ AC+3}!
You convulse.
The searing ray hits Maggie!
Maggie is moderately wounded.
You finish channeling your searing ray.
Maggie misses you.
Maggie hits you from afar with the +9 lance "Wyrmbane" {slay drac, rPois rF+ rC+ AC+3}!
You convulse.
Press: ? - help, Shift-Dir - straight line, f/p - Maggie
Aim: Maggie, wielding the +9 lance "Wyrmbane" {slay drac, rPois rF+ rC+ AC+3} and wearing +0 steam dragon scales (moderately wounded, mesmerising)
You breathe a blast of fire.
The fiery breath hits Maggie.
Maggie resists.
Maggie is heavily wounded.
You feel somewhat more hungry.
Maggie hits you from afar with the +9 lance "Wyrmbane" {slay drac, rPois rF+ rC+ AC+3}!
You convulse!
* * * LOW HITPOINT WARNING * * *
It was a potion of mutation.
You feel extremely strange.
You feel resistant to poisons.
You feel jittery.
Maggie hits you from afar with the +9 lance "Wyrmbane" {slay drac, rPois rF+ rC+ AC+3}!
You die...

#####.....#.### ######
#..÷..#.... #.##....# ##.#+##..##
#..!(.).####÷#.##....
#...☼...#.##.#.......
#.......#....<.......
#.#@...#.#......####
#......#.#..........
#.@...#.#...#....## ##########
#.....#.##.....#.## #........#
##....#....##..#... #........#
#..#####......###.
#........########.## #......# #.
#..........#......)# #....#.####
...........#.......# #..........
.####......#......(####...##.####
.#..#......#......(..##...##.####


You could see Maggie (mesmerising).

Vanquished Creatures
  A sky beast (D:5)
  A black bear (D:6)
  3 centaurs
  An ogre (D:5)
  2 bullfrogs (D:6)
  A water moccasin skeleton (D:6)
  A crimson imp (D:6)
  2 orc priests (D:4)
  A hound (D:5)
  A bullfrog skeleton (D:6)
  An iguana (D:6)
  4 orc wizards (D:5)
  5 worker ants
  5 adders
  4 gnolls (D:6)
  3 oozes
  An adder skeleton (D:5)
  A dart slug (D:1)
  2 worms
  3 leopard geckos
  9 orcs
  8 bats
  4 giant cockroaches
  7 goblins
  7 hobgoblins
  3 jackals (D:3)
  4 kobolds
  5 quokkas
  2 ball pythons
  4 frilled lizards
  2 jackal skeletons (D:4)
  A quokka zombie (D:6)
  5 rats
104 creatures vanquished.

Notes
Turn   | Place    | Note
-------+----------+-------------------------------------------
     0 | D:1      | DearestLeader the Draconian Conjurer began the quest for
                  | the Orb.
     0 | D:1      | Reached XP level 1. HP: 14/14 MP: 3/3
   210 | D:1      | Reached XP level 2. HP: 20/20 MP: 3/5
  1000 | D:2      | Reached skill level 5 in Conjurations
  1035 | D:2      | Reached XP level 3. HP: 26/26 MP: 2/6
  1190 | D:2      | Learned a level 2 spell: Searing Ray
  1195 | D:2      | Found a basalt altar of Yredelemnul.
  1717 | D:3      | Found a shadowy altar of Dithmenos.
  2147 | D:3      | Reached XP level 4. HP: 33/33 MP: 2/7
  2648 | D:3      | Found a large runed translucent door.
  2649 | D:3      | Found a large runed translucent door.
  2652 | D:3      | Noticed Delamore's ghost (amateur GrFi)
  3009 | D:4      | Found a bloodstained altar of Trog.
  3036 | D:4      | Reached skill level 6 in Conjurations
  3301 | D:4      | Found an ornate altar of the Wu Jian Council.
  3354 | D:4      | Reached XP level 5. HP: 38/38 MP: 3/8
  3677 | D:4      | Found a staircase to the Ecumenical Temple.
  3721 | Temple   | Entered the Ecumenical Temple
  3793 | D:4      | Reached skill level 7 in Conjurations
  4017 | D:5      | Entered Level 5 of the Dungeon
  4056 | D:5      | Noticed a sky beast
  4133 | D:5      | Killed a sky beast
  4133 | D:5      | Reached XP level 6. HP: 45/45 MP: 1/9
  4214 | D:5      | Found a shimmering blue altar of Sif Muna.
  4315 | D:5      | Reached skill level 8 in Conjurations
  4861 | D:5      | Found an iron altar of Okawaru.
  5080 | D:5      | Your scales start taking on a fiery red colour.
  5080 | D:5      | Reached XP level 7. HP: 50/50 MP: 7/10
  5080 | D:5      | Gained mutation: Your flesh is heat resistant. (rF+) [Red
                  | Draconian growth]
  5122 | D:5      | Found a glowing silver altar of Zin.
  5459 | D:5      | Learned a level 4 spell: Fulminant Prism
  5463 | D:5      | Learned a level 3 spell: Dazzling Flash
  5514 | D:6      | Reached skill level 9 in Conjurations
  5514 | D:6      | Reached skill level 1 in Hexes
  5864 | D:6      | Found a sacrificial altar of Ru.
  5923 | D:6      | Reached XP level 8. HP: 51/57 MP: 7/11
  6033 | D:6      | Reached skill level 10 in Conjurations
  6107 | D:6      | Noticed a +0 hand axe
  6107 | D:6      | Noticed a +0 hand axe
  6111 | D:6      | Found a hide-covered altar of Uskayaw.
  6400 | D:6      | Noticed Maggie
  6411 | D:6      | Gained mutation: Your system is resistant to poisons.
                  | (rPois) [potion of mutation]
  6411 | D:6      | Gained mutation: You can translocate small distances at
                  | will. [potion of mutation]
  6411 | D:6      | Slain by Maggie

Illustrated notes

Levels and vault maps discovered:
D:1:      dpeg_arrival_oval, layout_basic
D:2:      layout_basic, lemuel_crystal_altar
D:3:      layout_basic, grunt_dithmenos_smoke, ebering_ghost_disaster_area,
          chequers_decorated_corner
D:4:      layout_rooms, kennysheep_little_box, bloody_trog,
          minmay_temple_entry_glass
D:5:      layout_loops_corners, kennysheep_mini, old_standard_altar,
          led_sif_book, first_ration
D:6:      layout_basic, dancing_weapons_uskayaw, kennysheep_path_1,
          nicolae_ru_sacrificial_ziggurat, uniq_maggie
Temple:   dpeg_three_leaves_temple

Skill      XL: |  1  2  3  4  5  6  7  8 |
---------------+-------------------------+-----
Conjurations   | 5 6 7 8 9 10 | 10.4
Dodging        | 2 |  2.0
Hexes          | 2 |  2.0
Stealth        | |  1.7
Spellcasting   | |  2.0

Action                   |  1- 3 |  4- 6 |  7- 9 || total
-------------------------+-------+-------+-------++-------
Melee: Dagger            |    75 |    18 |       ||    93
       Tailslap          |    13 |     7 |    11 ||    31
       Short sword       |       |    49 |    60 ||   109
Throw: Dart              |    18 |    14 |       ||    32
 Cast: Magic Dart        |    59 |    25 |     8 ||    92
       Searing Ray       |     1 |    14 |    17 ||    32
 Abil: Breathe Fire      |       |       |     2 ||     2
  Use: Scroll            |       |     3 |       ||     3
       Potion            |       |       |     1 ||     1
 Stab: Sleeping          |     3 |     2 |       ||     5
  Eat: Chunk             |     5 |    10 |     6 ||    21
Armor: Skin              |    35 |    30 |    35 ||   100
Dodge: Dodged            |    78 |    64 |    48 ||   190
